Cogmind - Beta 13 @@@ ROGUE MODE // 2024.04.05 @ 22:20:37 Player: DURANDAL Result: Destroyed by G-47 Trooper with Particle Gun Performance ------------- Evolutions (0) 0 Regions Visited (2) 400 Robots Destroyed (20) 100 Value Destroyed (501) 501 Prototype IDs (0) 0 Alien Tech Used (0) 0 Bonus (0) 0 TOTAL SCORE: 1001 Bonus ------- None Cogmind --------- Core Integrity 0/250 Matter 279/300 Energy 160/160 System Corruption 2% Temperature Cool (28) Movement Walking (260) Ox2 Location -10/Mines Parts ------- > --- POWER (1) -------- Light Nuclear Core > --- PROPULSION (2) --- Aluminum Leg Aluminum Leg > --- UTILITY (2) ------ High-capacity Storage Unit Transport Network Coupler > --- WEAPON (2) ------- Assault Rifle Assault Rifle > --- INVENTORY (20) --- Light Ion Engine Light Treads Improved Treads Improved Treads Improved Treads Improved Treads Aluminum Leg Aluminum Leg Heat Sink Small Storage Unit Medium Storage Unit Utility Shielding Light Assault Rifle Peak State ------------ > --- POWER ------------ Light Nuclear Core > --- PROPULSION ------- Aluminum Leg Aluminum Leg > --- UTILITY ---------- Medium Storage Unit Transport Network Coupler > --- WEAPON ----------- Small Laser Light Assault Rifle > --- INVENTORY -------- Light Ion Engine Light Nuclear Core Light Treads Aluminum Leg Aluminum Leg Heat Sink Small Storage Unit Utility Shielding [Rating: 10] Favorites ----------- Power Light Nuclear Core Engine Ion Engine Power Core Light Nuclear Core Propulsion Aluminum Leg Treads Light Treads Leg Aluminum Leg Utility Transport Network Coupler Storage Small Storage Unit Processor Transport Network Coupler Weapon Assault Rifle Energy Gun Small Laser Ballistic Gun Assault Rifle Build | -11 -10 -10 ------- Run | Yrd Mat Min Slots Evolved . | . . . Power . | . . . Propulsion . | . . . Utility . | . . . Weapon . | . . . Parts Attached 18 | 6 12 . Power 3 | 1 2 . Engine 1 | 1 . . Core 2 | . 2 . Reactor . | . . . Propulsion 5 | 2 3 . Treads 3 | 2 1 . Leg 2 | . 2 . Wheel . | . . . Hover . | . . . Flight . | . . . Utility 4 | 1 3 . Device . | . . . Storage 3 | 1 2 . Processor 1 | . 1 . Hackware . | . . . Protection . | . . . Artifact . | . . . Weapon 6 | 2 4 . Energy Gun 1 | . 1 . Energy Cannon . | . . . Ballistic Gun 5 | 2 3 . Ballistic Cannon . | . . . Launcher . | . . . Special Weapon . | . . . Impact Weapon . | . . . Slashing Weapon . | . . . Piercing Weapon . | . . . Special Melee Weapon . | . . . Unidentified Prototypes . | . . . Parts Lost 6 | . 6 . Power 2 | . 2 . Propulsion 2 | . 2 . Utility . | . . . Weapon 2 | . 2 . Highest Loss Streak 4 | . 4 . To Critical Strikes . | . . . Average Slot Usage (%) 93 | . 93 100 Engine 5 | . 5 . Core 8 | . 8 14 Treads 11 | . 11 . Leg 15 | . 15 28 Storage 14 | . 14 14 Processor 10 | . 10 14 Energy Gun 2 | . 2 . Ballistic Gun 23 | . 23 28 Naked Turns . | . . . Heaviest Build 49 | 13 49 . Greatest Support 40 | 40 40 . Greatest Overweight (x) 2 | . 2 . Average Overweight (x) . | . . . Largest Inventory Capacity 20 | 8 20 20 Average Capacity 12 | 7 12 20 Most Carried 13 | 5 13 13 Average Carried 6 | 1 7 13 Final Capacity 20 | 8 20 20 Final Carried 13 | 1 13 13 Class Distribution -------------------- 55% | Scavenger-Mutant 44% | Mutant Dominant Class ---------------- Scavenger-Mutant | -10/Materials Scavenger-Mutant | -10/Mines Resources | -11 -10 -10 ----------- Run | Yrd Mat Min Matter Collected 595 | 209 386 . Remotely . | . . . Salvage Created 708 | . 674 34 Parts 46 | . 43 3 Haulers Intercepted 2 | . 2 . Recyclers Shooed 2 | . 2 . Parts Field Recycled . | . . . Retrieved Matter . | . . . Parts Self-Destructed . | . . . Prevented . | . . . Kills | -11 -10 -10 ------- Run | Yrd Mat Min Combat Hostiles Destroyed 15 | . 14 1 Guns 15 | . 14 1 Classes Destroyed 5 | . 5 . Worker 1 | . 1 . Hauler 2 | . 2 . Watcher 2 | . 2 . Swarmer 3 | . 3 . Grunt 12 | . 11 1 Best Kill Streak 6 | . 6 1 Combat Bots Only 6 | . 6 1 Max Kills in Single Turn 1 | . 1 1 Gunslinging . | . . . Exploded . | . . . Melee . | . . . Uniques/NPCs Destroyed . | . . . Combat | -11 -10 -10 -------- Run | Yrd Mat Min Hostile Shots Fired 104 | . 99 5 Missed 30 | . 30 . Damage Taken 1014 | . 934 80 Core 264 | . 232 32 Absorbed by Shields . | . . . Core Remaining (%) 100 | 100 . . Volleys Fired 98 | . 95 3 Largest 2 | . 2 2 Hottest 60 | . 60 40 Shots Fired 176 | . 170 6 Gun 176 | . 170 6 Cannon . | . . . Launcher . | . . . Special . | . . . Kinetic 151 | . 145 6 Thermal 25 | . 25 . Explosive . | . . . Electromagnetic . | . . . Robot Hit Streak 6 | . 6 2 Robot Miss Streak 5 | . 5 1 Penetration Max . | . . . Secondary Targets 2 | . 2 . Max Gunslinging Chain 1 | . 1 . Shots Hit Robots 107 | . 103 4 Core Hits 40 | . 38 2 Critical Kills . | . . . Critical Parts Destroyed . | . . . Critical Strikes . | . . . Melee Attacks . | . . . Impact . | . . . Slashing . | . . . Piercing . | . . . Sneak Attacks . | . . . Combat Hostiles . | . . . Follow-up Attacks . | . . . Damage Inflicted 1089 | . 1038 51 Guns 1087 | . 1036 51 Cannons . | . . . Explosions . | . . . Melee . | . . . Ramming 2 | . 2 . Kinetic 929 | . 878 51 Thermal 158 | . 158 . Explosive . | . . . Electromagnetic . | . . . Impact . | . . . Slashing . | . . . Piercing . | . . . Highest Corruption 2 | . 2 2 Average Corruption 2 | . 2 2 Corruption Purged . | . . . Corruption Blocked . | . . . Effects 3 | . 3 . Energy Discharges 1 | . 1 . Data Loss (minor) 1 | . 1 . Misfires 1 | . 1 . Overload Shots . | . . . Overflow Damage . | . . . Projectiles . | . . . Explosions . | . . . Melee . | . . . Knockbacks . | . . . Impact . | . . . Kinetic . | . . . Secondary . | . . . Self-Inflicted Damage . | . . . Shots . | . . . Rammed 1 | . 1 . Targets Rammed 1 | . 1 . Kicked . | . . . Crushed . | . . . Highest Temperature 198 | . 198 8 Average Temperature 40 | . 42 4 Received Heat Transfer 537 | . 474 63 Siege Activations . | . . . Robots Corrupted . | . . . Combat Hostiles . | . . . Parts Fried . | . . . Impact Corruptions . | . . . Robots Melted . | . . . Combat Hostiles . | . . . Parts Melted . | . . . Heat Transferred 350 | . 350 . Parts Sabotaged . | . . . Parts Stolen . | . . . Parts Stripped . | . . . Power Chain Reactions . | . . . Alert | -11 -10 -10 ------- Run | Yrd Mat Min Peak Influence 289 | . 289 20 Initial . | . . . Average 109 | . 119 20 Maximum Alert Level 1 | . 1 . Low Security (%) 80 | 100 79 100 Level 1 19 | . 20 . Level 2 . | . . . Level 3 . | . . . Level 4 . | . . . Level 5 . | . . . High Security . | . . . Max Security . | . . . Squads Dispatched 3 | . 3 . Investigation 2 | . 2 . Extermination . | . . . Reinforcement 1 | . 1 . Assault . | . . . Garrison . | . . . Intercept . | . . . Searches Triggered . | . . . Construction Impeded . | . . . Haulers Reinforced . | . . . Active Scanning Responses . | . . . Cargo Convoy Interrupts . | . . . Stealth | -11 -10 -10 --------- Run | Yrd Mat Min Distress Signals 3 | . 3 . Communications Jammed . | . . . Distress Signals . | . . . Times Spotted 26 | . 25 1 Peak Tracking Total 6 | . 6 1 Tactical Retreats 1 | . 1 . Traps | -11 -10 -10 ------- Run | Yrd Mat Min Traps Triggered 4 | . 4 . Indirectly . | . . . Trap Hack Attempts . | . . . Triggered . | . . . Disarmed . | . . . Reprogrammed . | . . . Reused . | . . . Traps Extracted . | . . . Installed . | . . . Triggered . | . . . Machines | -11 -10 -10 ---------- Run | Yrd Mat Min Machines Disabled . | . . . Max in Single Turn . | . . . Machines Repaired . | . . . Machines Dismantled . | . . . Machines Sabotaged . | . . . Overloaded Fab Kills . | . . . Hacking | -11 -10 -10 --------- Run | Yrd Mat Min Machines Accessed 3 | . 3 . Terminals 3 | . 3 . Fabricators . | . . . Repair Stations . | . . . Recycling Units . | . . . Scanalyzers . | . . . Garrison Access . | . . . Total Hacks 8 | . 8 . Successful 1 | . 1 . Failed 7 | . 7 . Catastrophic 3 | . 3 . Database Lockouts . | . . . Manual 4 | . 4 . Terminals 8 | . 8 . Fabricators . | . . . Repair Stations . | . . . Recycling Units . | . . . Scanalyzers . | . . . Garrison Access . | . . . Terminal Hacks 1 | . 1 . Zone Layout 1 | . 1 . Fabricator Hacks . | . . . Repair Station Hacks . | . . . Recycling Unit Hacks . | . . . Scanalyzer . | . . . Garrison Access Hacks . | . . . Unauthorized Hacks . | . . . Terminals . | . . . Fabricators . | . . . Repair Stations . | . . . Recycling Units . | . . . Scanalyzers . | . . . Garrison Access . | . . . Data Cores Recovered . | . . . Used . | . . . Hacking Detections 2 | . 2 . Full Trace Events 1 | . 1 . Feedback Events . | . . . Feedback Blocked . | . . . Robot Schematics Acquired . | . . . Robots Built . | . . . Authchips . | . . . Time . | . . . Total Robot Build Rating . | . . . Part Schematics Acquired . | . . . Parts Built . | . . . Authchips . | . . . Time . | . . . Total Part Build Rating . | . . . Parts Repaired . | . . . Time . | . . . Parts Recycled . | . . . Recycled Matter . | . . . Retrieved Matter . | . . . Retrieved Components . | . . . Parts Scanalyzed . | . . . Part Schematics Acquired . | . . . Parts Damaged . | . . . Bothacking | -11 -10 -10 ------------ Run | Yrd Mat Min Used RIF Installer . | . . . Robots Hacked . | . . . Non-combat . | . . . Combat . | . . . Robot Hacks Applied . | . . . Relay Couplers Released . | . . . Fabnet Peak Effective % . | . . . Robots Rewired . | . . . Allies Hacked . | . . . Hacks Repelled . | . . . Allies | -11 -10 -10 -------- Run | Yrd Mat Min Total Allies . | . . . Largest Group . | . . . Highest-Rated Group . | . . . Highest-Rated Ally . | . . . Total Orders . | . . . Ally Attacks . | . . . Total Damage . | . . . Kills . | . . . Allies Corrupted . | . . . Allies Melted . | . . . Intel | -11 -10 -10 ------- Run | Yrd Mat Min Robot Analysis Total . | . . . Derelict Logs Recovered . | . . . Drone Launches . | . . . Drone Recoveries . | . . . Exploration | -11 -10 -10 ------------- Run | Yrd Mat Min Turns Passed 1345 | 109 1228 8 Spaces Moved 594 | 70 524 . Core 18 | 18 . . Treads 283 | 52 231 . Legs 293 | . 293 . Wheels . | . . . Hover . | . . . Flight . | . . . Fastest Speed 50 | 50 120 . Average Speed 172 | 131 178 . Slowest Speed 260 | 160 260 . Overloaded Moves . | . . . Propulsion Burnouts . | . . . Robots Hopped . | . . . Cave-ins Triggered . | . . . Exploration Rate (%) 24 | 6 65 3 Regions Visited 2 Branch Regions 1 Pre-discovered Areas . | . . . Known Exits Taken . | . . . Unknown Exits Taken 2 | 1 1 . Scrap Searched . | . . . Spaces Dug . | . . . Terrain Destroyed . | . . . Melee . | . . . Projectile . | . . . AOE . | . . . Terrain Rammed . | . . . Walls Destroyed . | . . . Machines Disabled . | . . . Actions | -11 -10 -10 --------- Run | Yrd Mat Min Total 756 | 87 666 3 Wait 18 | 5 13 . Move 592 | 69 523 . Hop . | . . . Pick Up 27 | 7 20 . Fast Attach . | . . . Attach 14 | 6 8 . Detach 1 | . 1 . Swap 4 | . 4 . Drop 1 | . 1 . Fire 98 | . 95 3 Melee . | . . . Ram . | . . . Kick . | . . . Crush 1 | . 1 . Escape Stasis . | . . . Rewire . | . . . Trap . | . . . Miscellaneous . | . . . Route ------- -11/Scrapyard -10/Materials (discovered 2 exits: [*Mat] / [*Min]) -10/Mines History --------- Turn | Location | Event 7 | -11/Scrapyard | Discovered new exit (range 15) 110 | -11/Scrapyard | Entered Materials 301 | -10/Materials | Build established: Mutant 535 | -10/Materials | Core integrity fell below 50% 590 | -10/Materials | Lost 4 parts (1p1n2w) 662 | -10/Materials | Discovered new exit (range 16) 694 | -10/Materials | Core integrity fell below 20% 917 | -10/Materials | Build established: Scavenger-Mutant 1060 | -10/Materials | Discovered new exit (range 5) 1338 | -10/Materials | Entered Mines 1346 | -10/Mines | Destroyed by G-47 Trooper with Particle Gun Last Messages --------------- 00936_ Acquired Hcp. Storage Unit. 00965_ Acquired Imp. Treads. 01023_ Connecting with Terminal... 01060_ EXIT=FOUND 01075_ Triggered Shock Trap. 01075_ The floor emits a surge of raw power. 01075_ System corrupted (+2). 01137_ System corrupted: Component data lost. 01182_ Acquired 38 matter. 01187_ Acquired 2 matter. 01249_ T-07 Excavator is excavating. 01265_ U-05 Engineer lays Concrete. 01298_ System corrupted: FCS attempts to trigger Assault Rifle. 01298_ System corrupted: Assault Rifle misfires. 01322_ System corrupted: Energy discharge (-57). LOCATION=UNKNOWN GOAL=ESCAPE 01338_ G-34 Mercenary destroyed. 01346_ Critical hit (Burn: +37). Map ----- +----------------------------------------------------+ | | | | | | | | | | | | | | | | | | | | | | | | | | | | | | | | | | | | | ???????????????????????????????????? | | ???????????????????????????????????? | | ???????????????????????????????????? | | ???????????????#???????#####???????? | | ???????????????# ???## ##??????? | | ??????????????## ## g #??????? | | ??????????????# [%=#??????? | | ??????????????# @! #??????? | | ???????????????# ##??????? | | ???????????????## ### # ##???????? | | ????????????????????# ?####????????? | | ????????????????????#??????????????? | | ???????????????????????????????????? | | ???????????????????????????????????? | | ???????????????????????????????????? | | ???????????????????????????????????? | | ???????????????????????????????????? | | ???????????????????????????????????? | | ???????????????????????????????????? | | ???????????????????????????????????? | | ???????????????????????????????????? | | ???????????????????????????????????? | | ???????????????????????????????????? | | ???????????????????????????????????? | | ???????????????????????????????????? | | ???????????????????????????????????? | | ???????????????????????????????????? | | ???????????????????????????????????? | | ???????????????????????????????????? | | ???????????????????????????????????? | | ???????????????????????????????????? | | ???????????????????????????????????? | +----------------------------------------------------+ Best States ------------- Heat Dissipation 25 Energy Generation 14 Energy Capacity 250 Matter Stores 300 Matter Capacity 300 Sight Range 16 Terrain Scan Density 10 Evasion (%) 55 Recoil Reduction 2 Item Schematics ----------------- None Robot Schematics ------------------ None Fabricated ------------ Nothing Alien Tech Used ----------------- None Achievements -------------- None Challenges ------------ None Game ------ Seed TacticalCobblerFlightbrick Manual? 0 Play Time 00:16:02 Cumulative 4.0 hours Start 2024.04.05 @ 21:58:52 End 2024.04.05 @ 22:20:37 Sessions 1 Manual Loads 0 Difficulty Rogue Special Mode None Game No. 6 Rogue 6 Adventurer 0 Explorer 0 Win Type - Total 0 Types 0/0/0/0/0/0/0/0/0 Lore% 6 Gallery% 8 Achievement% 9 Wizard Run 0 Options --------- Layout 1 ASCII 0 Keyboard 0 Movement Numpad Keybinds 0 Fullscreen 1 Font 24/Smallcaps Map View 50x35 Zoom Use 0% Tactical HUD 1 Map Filters NONE Filters NONE Steam 1 RUN: 665598e5-d5ae-4021-9b31-1e1bdb5ac224